 Dungeon Crawl Stone Soup version 0.18.1-48-g4cf74bf (webtiles) character file.

659 PossumBlood the Thaumaturge (level 7, -8/36 HPs)
             Began as a Deep Elf Wizard on Aug 16, 2016.
             Shot with an arrow by a centaur (10 damage)
             ... on level 4 of the Dungeon.
             The game lasted 00:11:16 (4040 turns).

PossumBlood the Thaumaturge (Deep Elf Wizard)       Turns: 4040, Time: 00:11:16

Health: -8/36      AC:  4    Str:  4    XL:     7   Next: 30%
Magic:  17/20      EV: 12    Int: 25    God:
Gold:   293        SH:  0    Dex: 13    Spells: 5 memorised, 12 levels left

rFire  . . .     SeeInvis .     k - +3 dagger (speed)
rCold  . . .     Gourm    .     a - +0 robe
rNeg   . . .     Faith    .     (no shield)
rPois  .         Spirit   .     b - +1 hat
rElec  .         Dismiss  .     n - +0 cloak
rCorr  +         Reflect  .     (no gloves)
SustAt .         Harm     +     (no boots)
MR     .....                    q - amulet of harm
Stlth  ++........               (no ring)
                                s - ring of resist corrosion

@: not resistant to hostile enchantments, unstealthy
A: no striking features
a: no special abilities


You were on level 4 of the Dungeon.
You were hungry.

You visited 1 branch of the dungeon, and saw 4 of its levels.

You collected 293 gold pieces.

Inventory:

Hand Weapons
 k - a +3 dagger of speed (weapon)
Armour
 a - a +0 robe (worn)
 b - a +1 hat (worn)
 n - a +0 cloak (worn)
Jewellery
 q - an amulet of harm (around neck)
 s - a ring of resist corrosion (left hand)
Wands
 t - a wand of flame (26/48)
Scrolls
 e - 3 scrolls of remove curse
 f - a scroll of magic mapping
 g - a scroll of amnesia {unknown}
 h - a scroll of enchant weapon {unknown}
 i - a scroll of identify
 w - a scroll of blinking {unknown}
Potions
 j - a potion of berserk rage
 x - a potion of haste {unknown}
Books
 c - a book of Minor Magic

   Spells                             Type                      Level
   a - Magic Dart                     Conjuration                  1
   b - Blink                          Translocation                2
   c - Call Imp                       Summoning                    2
   d - Repel Missiles                 Charms/Air                   2
   e - Slow                           Hexes                        2
   f - Conjure Flame                  Conjuration/Fire             3
   g - Mephitic Cloud                 Conjuration/Poison/Air       3
Miscellaneous
 o - a plain deck of changes
Comestibles
 d - a bread ration
 p - 2 beef jerkies
 u - a meat ration
 v - a royal jelly


   Skills:
 - Level 2.4 Dodging
 - Level 2.4 Stealth
 + Level 8.3 Spellcasting
 + Level 6.4 Conjurations
   Level 1.1 Summonings
 - Level 1.1 Translocations


You had 12 spell levels left.
You knew the following spells:

 Your Spells              Type           Power        Failure   Level  Hunger
a - Magic Dart            Conj           ####         1%          1    None
b - Blink                 Tloc           N/A          8%          2    None
c - Repel Missiles        Chrm/Air       ##....       10%         2    None
d - Slow                  Hex            ##......     10%         2    None
e - Conjure Flame         Conj/Fire      ####....     6%          3    None


Dungeon Overview and Level Annotations

Branches:
Dungeon (4/15)
 Temple: D:4-7

Altars:
Cheibriados
Dithmenos
Nemelex Xobeh
Pakellas
Qazlal
Ru
Sif Muna


Message History

You feel less protected from missiles.
The centaur shoots an arrow.
The arrow hits you!
Casting: Magic Dart
Confirm with . or Enter, or press ? or * to list all spells.
Aiming: Magic Dart
Press: ? - help, Shift-Dir - straight line, f/p - centaur
Aim: a centaur, wielding a shortbow of evasion (moderately wounded)
The magic dart hits the centaur.
The centaur is severely wounded.
The centaur shoots an arrow.
The arrow hits you!
* * * LOW HITPOINT WARNING * * *
Casting: Magic Dart
Confirm with . or Enter, or press ? or * to list all spells.
Aiming: Magic Dart
Press: ? - help, Shift-Dir - straight line, f/p - centaur
Aim: a centaur, wielding a shortbow of evasion (severely wounded)
The magic dart hits the centaur.
The centaur is severely wounded.
The centaur shoots an arrow.
The arrow hits you!
You die...

≈≈≈≈≈≈≈≈≈≈≈≈.....≈≈≈≈≈≈≈≈≈≈≈≈≈≈≈≈
≈≈≈≈≈≈≈≈≈≈≈...).≈≈≈≈≈≈≈≈≈≈≈≈≈≈≈≈≈
#############''##################
#....# #.(..# ##....########
#......#.....c +......'......
#.....@# ##....## #.(..# #...(#
######


You could see a centaur.

Vanquished Creatures
  A phantom (D:4)
  An ogre (D:4)
  A big kobold (D:4)
  A scorpion (D:4)
  2 hounds (D:4)
  A gnoll shaman (D:4)
  Natasha (thrice) (D:4)
  A worker ant (D:3)
  Robin (D:1)
  5 gnolls (D:4)
  3 adders
  A worm (D:2)
  3 dart slugs
  2 giant geckos
  An orc (D:3)
  2 ball pythons
  4 giant cockroaches
  16 goblins
  5 hobgoblins
  4 jackals (D:3)
  7 kobolds
  2 quokkas (D:3)
  4 bats
  5 giant newts
  9 rats
85 creatures vanquished.

Notes
Turn   | Place    | Note
--------------------------------------------------------------
     0 | D:1      | PossumBlood the Deep Elf Wizard began the quest for the Orb.
     0 | D:1      | Reached XP level 1. HP: 10/10 MP: 7/7
     5 | D:1      | Noticed an electric eel
   395 | D:1      | Reached XP level 2. HP: 15/15 MP: 6/9
   850 | D:2      | Noticed Robin
   854 | D:2      | Reached XP level 3. HP: 17/19 MP: 0/11
   895 | D:1      | Killed Robin
   895 | D:1      | Reached skill level 5 in Spellcasting
  1307 | D:2      | Found a sparkling altar of Nemelex Xobeh.
  1681 | D:2      | Reached XP level 4. HP: 24/24 MP: 7/13
  1737 | D:3      | Learned a level 2 spell: Blink
  1740 | D:3      | Learned a level 2 spell: Repel Missiles
  1743 | D:3      | Learned a level 2 spell: Slow
  1747 | D:3      | Learned a level 3 spell: Conjure Flame
  2219 | D:3      | Reached skill level 6 in Spellcasting
  2567 | D:3      | Reached XP level 5. HP: 28/28 MP: 13/15
  2670 | D:4      | Noticed Natasha
  2676 | D:4      | Killed Natasha
  2832 | D:4      | Noticed Natasha
  2835 | D:4      | Killed Natasha
  3107 | D:4      | Found a shadowy altar of Dithmenos.
  3115 | D:4      | Reached skill level 5 in Conjurations
  3121 | D:4      | Reached XP level 6. HP: 32/32 MP: 9/17
  3188 | D:4      | Reached skill level 7 in Spellcasting
  3202 | D:4      | Found a stormy altar of Qazlal.
  3202 | D:4      | Found an oddly glowing altar of Pakellas.
  3202 | D:4      | Found a sacrificial altar of Ru.
  3461 | D:4      | Noticed Natasha
  3464 | D:4      | Killed Natasha
  3551 | D:4      | Found a snail-covered altar of Cheibriados.
  3552 | D:4      | Found a deep blue altar of Sif Muna.
  3818 | D:4      | Reached skill level 8 in Spellcasting
  3818 | D:4      | Reached XP level 7. HP: 26/36 MP: 6/20
  4040 | D:4      | Shot with an arrow by a centaur

Skill      XL: |  1  2  3  4  5  6 |
---------------+-------------------+-----
Conjurations   | 2 3 4 5 6 |  6.4
Spellcasting   | 5 6 8 |  8.3
Dodging        | |  2.4
Stealth        | |  2.4
Summonings     | |  1.1
Translocations | |  1.1

Action                   |  1- 3 |  4- 6 |  7- 9 || total
-------------------------+-------+-------+-------++-------
Melee: Unarmed           |     6 |       |       ||     6
       Dagger            |     3 |    60 |       ||    63
 Cast: Magic Dart        |    88 |   138 |    17 ||   243
       Repel Missiles    |       |     1 |       ||     1
  Use: Scroll            |       |    11 |       ||    11
       Potion            |       |     2 |       ||     2
  Eat: Bread ration      |     1 |     1 |       ||     2
Armor: Robe              |     3 |     6 |     1 ||    10
       Skin              |       |    68 |       ||    68
Dodge: Dodged            |    26 |    34 |     1 ||    61
       Deflected         |       |       |     2 ||     2
